 Dungeon Crawl Stone Soup version 0.29-a0-284-gf9362112df (webtiles) character file.

Game seed: 16282653186092638520

161 dolemite99 the Poker (level 5, -3/38 HPs)
             Began as a Merfolk Gladiator on Mar 31, 2022.
             Slain by an orc
             ... wielding a +2 whip of electrocution
              (10 damage)
             ... on level 2 of the Dungeon.
             The game lasted 00:01:42 (2303 turns).

dolemite99 the Poker (Merfolk Gladiator)            Turns: 2303, Time: 00:01:43

Health: -3/38      AC:  7    Str: 16    XL:     5   Next: 42%
Magic:  5/5        EV: 11    Int:  8    God:
Gold:   33         SH:  0    Dex: 15    Spells: 4/4 levels left

rFire   . . .      SeeInvis .   a - +0 trident
rCold   . . .      Faith    .   (no shield)
rNeg    . . .      Spirit   .   i - +0 scale mail
rPois   .          Reflect  .   c - +0 helmet
rElec   .          Harm     .   (no cloak)
rCorr   .          Rampage  .   (no gloves)
Will    .....                   (no boots)
Stlth   ..........              (no amulet)
HPRegen 0.12/turn               (no ring)
MPRegen 0.09/turn               (no ring)

@: no status effects
A: (nimble swimmer 2), mertail
a: no special abilities


You were on level 2 of the Dungeon.
You visited 1 branch of the dungeon, and saw 3 of its levels.

You collected 33 gold pieces.

Inventory:

Hand Weapons
 a - a +0 trident (weapon)
Missiles
 d - 3 throwing nets (quivered)
 e - a javelin
 g - 56 stones
Armour
 b - a +0 leather armour
 c - a +0 helmet (worn)
 f - a +0 ring mail
 i - a +0 scale mail (worn)
Jewellery
 h - a ring of protection from cold
Scrolls
 j - a scroll of vulnerability {unknown}
 m - a scroll of brand weapon {unknown}
 n - a scroll of teleportation {unknown}
Potions
 k - 2 potions of curing
 l - a potion of heal wounds {unknown}


   Skills:
 - Level 2.1 Fighting
 + Level 7.9 Polearms
 - Level 2.0 Throwing
 - Level 4.0 Dodging


You had 4 spell levels left.
You didn't know any spells.
Your spell library contained the following spells:

 Spells                   Type           Power      Damage    Failure   Level
 Blink                    Tloc           0%         N/A       94%         2
 Static Discharge         Conj/Air       0%         N/A       94%         2
 Lightning Bolt           Conj/Air       0%         1d11      100%        5
 Manifold Assault         Tloc           0%         N/A       100%        5
 Storm Form               Tmut/Air       0%         N/A       100%        7
 Maxwell's Capacitive Co  Air            0%         ∞         100%        8


Dungeon Overview and Level Annotations

Branches:
Dungeon (3/15)

Altars:

Shops:
D:1 =

Annotations:
D:2 Sigmund


Innate Abilities, Weirdness & Mutations

((You are very nimble when in or above water. (Stealth+, EV+, Speed+++)))
Your lower body shifts to a powerful aquatic tail in water.


Message History

An orc comes into view. It is wielding a +1 mace of protection.
The orc shouts!
There is a stone staircase leading up, spattered with blood here.
You reach to attack!
You closely miss the orc. You puncture the orc!
You kill the orc!
You climb upwards.
Level annotation: Sigmund
There is a stone staircase leading down here.
No target in view!
You start waiting.
Done waiting.
You climb downwards.
The orc hits you but does no damage. x3
There is a stone staircase leading up, spattered with blood here.
The orc hits you but does no damage. The orc misses you.
The orc barely misses you.
You climb upwards.
Level annotation: Sigmund
There is a stone staircase leading down here.
You barely miss the orc. The orc hits you but does no damage. x2
You are electrocuted!
The orc hits you but does no damage.
You puncture the orc!
You kill the orc!
The orc completely misses you. The orc closely misses you.
You puncture the orc!
You kill the orc!
The orc hits you but does no damage.
You are electrocuted!
You are too injured to fight recklessly!
You are too injured to fight recklessly!
You are too injured to fight recklessly!
You are too injured to fight recklessly!
You are too injured to fight recklessly!
You barely miss the orc. The orc misses you.
You barely miss the orc. The orc closely misses you.
You closely miss the orc. You barely miss the orc.
The orc hits you with a +2 whip of electrocution.
* * * LOW HITPOINT WARNING * * *
You are electrocuted!
You die...

#....# #............ #....#
#............
########....#####............
#...........'...#..##.#####..
#...........#.......).....##.
##...............#..##.....##.
#........##.........##.....#..
#.........+...)............+..
#.........#..@.......#.....##.
#.........#.).o..##........##.
#.........#......##.#......##.
#.........#......##.#.#######.
#.........#......##.#.####....
#.........#...................
####.........#......#####.###.##.
.............#.>....#####.###.##.
####.........###..............##+


You could see an orc.

Vanquished Creatures
  Natasha (thrice) (D:2 D:3)
  3 adders (D:2)
  3 dart slugs
  3 orcs
  5 endoplasms
  3 goblins
  4 hobgoblins (D:1)
  11 jackals
  3 kobolds
  A quokka (D:2)
  2 ball pythons
  4 bats (D:1)
  3 frilled lizards
  3 rats (D:2)
51 creatures vanquished.

Notes
Turn   | Place    | Note
-------+----------+-------------------------------------------
     0 | D:1      | dolemite99 the Merfolk Gladiator began the quest for the
                  | Orb.
     0 | D:1      | Reached XP level 1. HP: 16/16 MP: 1/1
    23 | D:1      | Found Jukhemac's Jewellery Shoppe.
   209 | D:1      | Reached XP level 2. HP: 22/22 MP: 2/2
   230 | D:1      | Reached skill level 5 in Polearms
   878 | D:1      | Reached XP level 3. HP: 27/27 MP: 3/3
  1288 | D:2      | Reached skill level 6 in Polearms
  1377 | D:2      | Reached XP level 4. HP: 33/33 MP: 4/4
  1424 | D:2      | Noticed Natasha
  1434 | D:2      | Killed Natasha
  1435 | D:2      | Reached skill level 7 in Polearms
  1523 | D:2      | Noticed Natasha
  1547 | D:2      | Killed Natasha
  1548 | D:2      | Reached XP level 5. HP: 29/38 MP: 5/5
  1775 | D:2      | Noticed Sigmund
  1833 | D:2      | Noticed Natasha
  1850 | D:3      | Killed Natasha
  2303 | D:2      | Slain by an orc

Illustrated notes

Levels and vault maps discovered:
D:1:      lordsloth_arrival_two_stooges, layout_basic, serial_shops, shop,
          serial_bayou_lagoon_a
D:2:      layout_basic, ebering_ecumenical_altar_hall, minmay_ruptured,
          uniq_sigmund, uniq_natasha
D:3:      layout_basic, nicolae_tso_carved_into_rock, minmay_misc_feat_five,
          uniq_terence

Skill      XL: |  1  2  3  4 |
---------------+-------------+-----
Polearms       | 5 6 7 |  7.9
Fighting       | |  2.1
Throwing       | |  2.0
Dodging        | |  4.0

Action                   |  1- 3 |  4- 6 || total
-------------------------+-------+-------++-------
Melee: Trident           |    82 |    69 ||   151
  Use: Potion            |       |     1 ||     1
Armor: Scale mail        |    39 |    28 ||    67
       Leather armour    |     1 |       ||     1
Dodge: Dodged            |    64 |    24 ||    88

Table legend: (Time is in decaauts)
 A = Elapsed time spent in this place.
 B = Non-inter-level travel time spent in this place.
 C = Inter-level travel time spent in this place.
 D = Time resting spent in this place.
 E = Time spent auto-exploring this place.
 F = Levels seen in this place.
 G = Mean time per level.
                   A        B        C        D        E       F      G
               +--------+--------+--------+--------+--------+-----+--------+
         Total |   2300 |   2228 |     72 |    821 |   1035 |   3 |  766.7 |
       Dungeon |   2300 |   2228 |     72 |    821 |   1035 |   3 |  766.7 |
               +--------+--------+--------+--------+--------+-----+--------+

Top non-repeatable levels by time:
     D:1: 1269 daAuts
     D:2: 676 daAuts
     D:3: 354 daAuts
